 Dungeon Crawl Stone Soup version 0.19-a0-1676-g39ae8cc (webtiles) character file.

255 Kalmarka the Magician (level 5, -1/35 HPs)
             Began as a Mummy Wizard on Sept 23, 2016.
             Killed from afar by an orc wizard (5 damage)
             ... with a magic dart
             ... on level 4 of the Dungeon.
             The game lasted 00:20:04 (4460 turns).

Kalmarka the Magician (Mummy Wizard)                Turns: 4460, Time: 00:20:04

Health: -1/35      AC:  4    Str: 10    XL:     5   Next: 91%
Magic:  1/12       EV: 12    Int: 18    God:
Gold:   198        SH:  0    Dex: 11    Spells: 6 memorised, 1 level left

rFire  x . .     SeeInvis .     d - +1 short sword
rCold  + . .     Gourm    .     a - +0 robe
rNeg   + + +     Faith    .     (no shield)
rPois  ∞         Spirit   .     b - +0 hat
rElec  .         Dismiss  .     e - +1 cloak
rCorr  .         Reflect  .     (no gloves)
MR     .....     Harm     .     (no boots)
Stlth  ++........               (no amulet)
                                (no ring)
                                (no ring)

@: about to teleport, very slightly contaminated
A: no food or potions, fire vulnerability, cold resistance 1, negative energy
resistance 3, torment resistance, unbreathing
a: no special abilities


You were on level 4 of the Dungeon.
You were not hungry.

You visited 1 branch of the dungeon, and saw 4 of its levels.

You collected 198 gold pieces.

Inventory:

Hand Weapons
 d - a +1 short sword (weapon)
Armour
 a - a +0 robe (worn)
 b - a +0 hat (worn)
 e - a +1 cloak (worn)
Scrolls
 f - a scroll of fog
 g - 3 scrolls of enchant armour
 h - a scroll of identify
 j - a scroll of remove curse {unknown}
Books
 c - a book of Minor Magic

   Spells                             Type                      Level
   a - Magic Dart                     Conjuration                  1
   b - Blink                          Translocation                2
   c - Call Imp                       Summoning                    2
   d - Repel Missiles                 Charms/Air                   2
   e - Slow                           Hexes                        2
   f - Conjure Flame                  Conjuration/Fire             3
   g - Mephitic Cloud                 Conjuration/Poison/Air       3


   Skills:
 + Level 0.4 Short Blades
 + Level 2.1 Dodging
 - Level 1.5 Stealth
 - Level 0.1 Unarmed Combat
 + Level 4.8 Spellcasting
 + Level 2.2 Conjurations
 + Level 0.1 Hexes
 + Level 1.3 Summonings
 + Level 1.2 Translocations


You had one spell level left.
You knew the following spells:

 Your Spells              Type           Power        Failure   Level  Hunger
a - Magic Dart            Conj           ##..         8%          1    N/A
b - Call Imp              Summ           #.......     12%         2    N/A
c - Blink                 Tloc           N/A          12%         2    N/A
d - Slow                  Hex            #.......     21%         2    N/A
e - Mephitic Cloud        Conj/Pois/Air  #.......     34%         3    N/A
f - Repel Missiles        Chrm/Air       #.....       21%         2    N/A

Dungeon Overview and Level Annotations

Branches:
Dungeon (4/15)
 Temple: D:4-7

Altars:
Dithmenos
Gozag
Trog
Xom

Annotations:
D:3 Crazy Yiuf


Innate Abilities, Weirdness & Mutations

You do not eat or drink.
Your flesh is vulnerable to fire.
You are immune to poison.
Your flesh is cold resistant. (rC+)
You are immune to negative energy. (rN+++)
You are immune to unholy pain and torment.
You can survive without breathing.


Message History

The puff of flame hits you! The fire burns you terribly!
The orc wizard casts a spell at you. The magic dart hits you!
* * * LOW HITPOINT WARNING * * *
Casting: Magic Dart
Confirm with . or Enter, or press ? or * to list all spells.
You blink.
An orc comes into view.
The orc shouts!
You hear a shout!
Okay, then.
As you read the scroll of fog, it crumbles to dust.
The scroll dissolves into smoke.
The orc wizard hits you with a dagger.
* * * LOW HITPOINT WARNING * * *
As you read the scroll of teleportation, it crumbles to dust.
You feel strangely unstable. The orc wizard closely misses you.
An orc comes into view. It is wielding a short sword.
The orc shouts!
The orc wizard gestures at you while chanting.
The magic dart hits you!
You die...

#### ## ..# # #.#### #.#
#########
#....########.###.5....##
#.<..o.§§§§......5......†
#......†#.##o@§§##.###......##
#.......#oo§§o§....# #.......#
#.......####§§§.#### #####...#
#.......# ###### #(..#
#......>. #...# #......##
##### #......


You could see 2 orc wizards and an orc.

Vanquished Creatures
  2 iguanas
  3 adders
  A worm (D:3)
  2 leopard geckos
  2 orcs
  A ball python (D:2)
  7 bats
  5 giant cockroaches
  3 goblins
  4 hobgoblins
  5 quokkas
  3 frilled lizards
  7 kobolds
  11 rats
56 creatures vanquished.

Vanquished Creatures (collateral kills)
  The ghost of DEFE the Cutter, an amateur DEFi (D:3)
  3 gnolls (D:2)
  3 adders
  A worm (D:2)
  A bat (D:2)
  A giant cockroach (D:2)
  A hobgoblin (D:2)
  A goblin (D:2)
  2 rats
14 creatures vanquished.

Grand Total: 70 creatures vanquished

Notes
Turn   | Place    | Note
-------+----------+-------------------------------------------
     0 | D:1      | Kalmarka the Mummy Wizard began the quest for the Orb.
     0 | D:1      | Reached XP level 1. HP: 13/13 MP: 4/4
   362 | D:1      | Reached XP level 2. HP: 15/19 MP: 0/6
   404 | D:1      | Learned a level 2 spell: Call Imp
   915 | D:1      | Reached skill level 1 in Conjurations
  1027 | D:2      | Learned a level 2 spell: Blink
  1037 | D:2      | Reached XP level 3. HP: 21/24 MP: 0/8
  1458 | D:2      | Reached skill level 4 in Spellcasting
  1543 | D:2      | Found a shadowy altar of Dithmenos.
  1619 | D:2      | Found a shimmering altar of Xom.
  1619 | D:2      | Found a shimmering altar of Xom.
  1619 | D:2      | Found a shimmering altar of Xom.
  1620 | D:2      | Found a shimmering altar of Xom.
  1710 | D:2      | Reached XP level 4. HP: 14/30 MP: 0/10
  1875 | D:2      | Learned a level 2 spell: Slow
  1940 | D:2      | Found a shimmering altar of Xom.
  2154 | D:2      | Found a bloodstained altar of Trog.
  2232 | D:2      | Found an opulent altar of Gozag.
  2266 | D:2      | Reached skill level 1 in Summonings
  2271 | D:2      | Learned a level 3 spell: Mephitic Cloud
  2606 | D:3      | Noticed DEFE's ghost (amateur DEFi)
  2627 | D:3      | Killed DEFE's ghost
  2627 | D:3      | Reached XP level 5. HP: 18/35 MP: 3/11
  2759 | D:3      | Learned a level 2 spell: Repel Missiles
  3107 | D:3      | Found a runed door.
  3113 | D:3      | Noticed Crazy Yiuf
  3257 | D:3      | Paralysed by Crazy Yiuf for 3 turns
  3940 | D:3      | Reached skill level 1 in Translocations
  4460 | D:4      | Killed from afar by an orc wizard

Vault maps used:
D:1:      scummos_arrival_simple_crosswalls, minmay_misc_feat_tower
D:2:      nicolae_gozag_cash_rules_everything_around_me, lemuel_crystal_altar,
          xom_redecorated, grunt_dithmenos_smoke
D:3:      due_unseen_surprise, uniq_crazy_yiuf_cottage

Skill      XL: |  1  2  3  4  5 |
---------------+----------------+-----
Conjurations   | 1 2 |  2.2
Spellcasting   | 4 |  4.8
Summonings     | 1 |  1.3
Dodging        | 2 |  2.1
Translocations | 1 |  1.2
Short Blades   | |  0.4
Stealth        | |  1.5
Unarmed Combat | |  0.1
Hexes          | |  0.1

Action                   |  1- 3 |  4- 6 || total
-------------------------+-------+-------++-------
Melee: Unarmed           |    15 |       ||    15
       Short sword       |    36 |    30 ||    66
 Cast: Magic Dart        |    87 |    76 ||   163
       Call Imp          |     4 |    15 ||    19
       Blink             |     1 |    16 ||    17
       Slow              |       |     7 ||     7
       Mephitic Cloud    |       |     1 ||     1
  Use: Scroll            |     2 |     7 ||     9
Armor: Robe              |    24 |    19 ||    43
Dodge: Dodged            |    52 |    37 ||    89
